 Dungeon Crawl Stone Soup version 0.28-a0-938-gbc3f381ebc (webtiles) character file.

Game seed: 4284716129394211896

430 Hipnos the Magician (level 7, -1/46 HPs)
             Began as a Djinni Ice Elementalist on Nov 28, 2021.
             Slain by a phantom (8 damage)
             ... on level 5 of the Dungeon.
             The game lasted 00:07:18 (4235 turns).

Hipnos the Magician (Djinni Ice Elementalist)       Turns: 4235, Time: 00:07:19

Health: -1/46      AC:  2    Str:  7    XL:     7   Next: 19%
Gold:   287        EV: 13    Int: 18    God:
                   SH:  0    Dex: 14

rFire   + + .      SeeInvis .   s - +1 dagger (flame)
rCold   x . .      Faith    .   (no shield)
rNeg    . . .      Spirit   .   a - +0 robe
rPois   ∞          Reflect  .   (no helmet)
rElec   .          Harm     .   (no cloak)
rCorr   .          Rampage  .   (no gloves)
Will    .....                   (boots unavailable)
Stlth   ++........              k - amulet of regeneration
HPRegen 0.95/turn               q - +4 ring of slaying
MPRegen 0.00/turn               (no ring)

@: flying
A: sickness immunity, fire resistance 2, cold vulnerability 1, float, innate
caster, hp casting, extra vitality 1
a: no special abilities


You were on level 5 of the Dungeon.
You visited 1 branch of the dungeon, and saw 5 of its levels.

You collected 287 gold pieces.

Inventory:

Hand Weapons
 o - a +0 dagger of venom
 s - a +1 dagger of flaming (weapon)
Armour
 a - a +0 robe (worn)
Jewellery
 i - an amulet of the acrobat
 k - an amulet of regeneration (around neck)
 l - an amulet of faith
 q - a +4 ring of slaying (left hand)
Scrolls
 b - a scroll of identify
 c - a scroll of amnesia
 f - 2 scrolls of immolation
 g - a scroll of fear
 r - a scroll of teleportation
Potions
 d - 2 potions of curing {unknown}
 e - a potion of heal wounds
 j - 2 potions of haste {unknown}
 m - 3 potions of attraction
 n - 3 potions of flight


   Skills:
 + Level 0.9 Fighting
 + Level 1.0 Short Blades
 + Level 3.0 Dodging
 + Level 2.3 Stealth
 + Level 0.4 Unarmed Combat
 + Level 5.6 Spellcasting


You couldn't memorise any spells.
You knew the following spells:

 Your Spells              Type           Power      Damage    Failure   Level
a - Freeze                Ice            100%       1d11      1%          1
b - Frozen Ramparts       Ice            50%        1d7       3%          3
c - Ozocubu's Armour      Ice            25%        N/A       3%          3
d - Hailstorm             Conj/Ice       25%        3d7       12%         4
e - Sandblast             Erth           50%        2d12      1%          1
f - Searing Ray           Conj           50%        2d6       1%          2
g - Lesser Beckoning      Tloc           25%        N/A       3%          3
Your spell library was empty.

Dungeon Overview and Level Annotations

Branches:
Dungeon (5/15)
 Temple: D:4-7

Altars:
Cheibriados

Shops:
D:1 *


Innate Abilities, Weirdness & Mutations

You are immune to sickness and miasma.
You are immune to poison.
Your flesh is very heat resistant. (rF++)
You are vulnerable to cold. (rC-)
You float through the air rather than walking.
You learn spells naturally, not from books.
Your magical power is your life essence.
You have superior vitality. (+4 HP)


Message History

The phantom hits you.
The phantom blinks!
You blink.
You freeze the phantom.
The phantom resists.
The phantom is lightly damaged.
The phantom barely misses you.
You freeze the phantom.
The phantom resists.
The phantom is lightly damaged.
The phantom hits you!
You freeze the phantom.
The phantom resists.
The phantom is lightly damaged.
The phantom hits you.
You freeze the phantom.
The phantom resists.
The phantom is lightly damaged.
The phantom hits you.
The phantom blinks!
You blink.
You are too injured to fight recklessly!
Casting: Freeze (safe; 1% risk of failure)
Confirm with . or Enter, or press ? or * to list all spells.
Aiming: Searing Ray (safe; 1% risk of failure)
Press: ? - help, Shift-Dir - straight line, f/p - phantom
Aim: a phantom (lightly damaged, 71% to hit)
The searing ray hits the phantom.
The phantom is moderately damaged. (Press . to maintain the ray.)
The searing ray hits the phantom.
The phantom is heavily damaged.
The phantom hits you!
The phantom blinks!
You blink.
Casting: Searing Ray (safe; 1% risk of failure)
Confirm with . or Enter, or press ? or * to list all spells.
Aiming: Searing Ray (safe; 1% risk of failure)
Press: ? - help, Shift-Dir - straight line, f/p - phantom
Aim: a phantom (heavily damaged, 71% to hit)
The searing ray misses the phantom. (Press . to maintain the ray.)
* * * LOW HITPOINT WARNING * * *
The phantom hits you!
* * * LOW HITPOINT WARNING * * *
The searing ray hits the phantom!
The phantom is severely damaged.
* * * LOW HITPOINT WARNING * * *
The phantom hits you!
You die...

###########
##......... ### ...
..#..# .# ##§#.#.#
#.#..# .#
#....#@###.#^.### .#
#.....<....W.........#
.#
######....#.###.#..#.#
.# ##.#.#.###.#..#.#
.#
#.#.......#..#.###.#
.###§.............# +#
#####.####.#.### #.#
#.#.# #.# #.#<#


You could see a phantom.

Vanquished Creatures
  A water moccasin (D:4)
  A water moccasin skeleton (D:4)
  3 orc priests (D:3)
  An iguana (D:4)
  An orc wizard (D:3)
  4 adders
  An ufetubus (D:4)
  An adder skeleton (D:4)
  A worm (D:4)
  2 dart slugs (D:1)
  10 orcs (D:3)
  11 ball pythons
  5 endoplasms
  3 giant cockroaches
  7 goblins
  10 hobgoblins
  2 jackals (D:4)
  5 kobolds
  7 bats
  2 frilled lizards
  A rat (D:1)
79 creatures vanquished.

Vanquished Creatures (others)
  7 plants (D:4)
7 creatures vanquished.

Grand Total: 86 creatures vanquished

Notes
Turn   | Place    | Note
-------+----------+-------------------------------------------
     0 | D:1      | Hipnos the Djinni Ice Elementalist began the quest for the
                  | Orb.
     0 | D:1      | Reached XP level 1. HP: 15/15 MP: 0/0
   315 | D:1      | Reached XP level 2. HP: 16/21 MP: 0/0
   499 | D:1      | Found Qarrof's Assorted Antiques.
   772 | D:1      | Found a faded altar of an unknown god.
   979 | D:1      | Reached XP level 3. HP: 21/25 MP: 0/0
   979 | D:1      | Learned a level 1 spell: Sandblast
  1411 | D:2      | Reached skill level 4 in Spellcasting
  1986 | D:2      | Reached XP level 4. HP: 30/31 MP: 0/0
  2367 | D:3      | Reached XP level 5. HP: 17/36 MP: 0/0
  2367 | D:3      | Learned a level 2 spell: Searing Ray
  2532 | D:3      | Found a snail-covered altar of Cheibriados.
  2725 | D:3      | Reached XP level 6. HP: 38/41 MP: 0/0
  2935 | D:3      | Reached skill level 5 in Spellcasting
  3768 | D:4      | Noticed a water moccasin
  3773 | D:4      | Killed a water moccasin
  3774 | D:4      | Reached XP level 7. HP: 33/46 MP: 0/0
  3774 | D:4      | Learned a level 3 spell: Lesser Beckoning
  3901 | D:4      | Reached skill level 1 in Short Blades
  4207 | D:5      | Entered Level 5 of the Dungeon
  4235 | D:5      | Slain by a phantom

Illustrated notes

Levels and vault maps discovered:
D:1:      dpeg_arrival_simpleton_b, layout_basic, serial_shops, shop_coins,
          hellmonk_ecumenical_altar_pennies_from_heaven
D:2:      layout_loops_ring
D:3:      layout_loops_ring, overflow_temple_1_default, hangedman_decor_opposing
D:4:      minmay_skewed_foursquare, layout_loops_corners, serial_forest,
          infiniplex_forest_end_2, infiniplex_forest_lined_3,
          infiniplex_forest_lined_room_2, infiniplex_forest_clump_small,
          infiniplex_forest_clump_diagonal
D:5:      layout_loops_corners, serial_park_tiny_pond, glass_columns_c,
          hangedman_decor_push, kennysheep_generic_room_9, uniq_sigmund

Skill      XL: |  1  2  3  4  5  6  7 |
---------------+----------------------+-----
Spellcasting   | 4 5 |  5.6
Stealth        | 2 |  2.3
Dodging        | 3 |  3.0
Short Blades   | 1 |  1.0
Fighting       | |  0.9
Unarmed Combat | |  0.4

Action                   |  1- 3 |  4- 6 |  7- 9 || total
-------------------------+-------+-------+-------++-------
Melee: Unarmed           |    10 |    13 |       ||    23
       Dagger            |       |    24 |     1 ||    25
       Punch             |       |     1 |       ||     1
 Cast: Freeze            |    44 |    56 |    13 ||   113
       Ozocubu's Armour  |       |     8 |       ||     8
       Frozen Ramparts   |       |     8 |       ||     8
       Searing Ray       |       |     3 |     2 ||     5
  Use: Scroll            |       |       |     9 ||     9
 Stab: Sleeping          |       |     1 |       ||     1
Armor: Robe              |     5 |    30 |       ||    35
Dodge: Dodged            |    19 |    55 |     6 ||    80

Table legend: (Time is in decaauts)
 A = Elapsed time spent in this place.
 B = Non-inter-level travel time spent in this place.
 C = Inter-level travel time spent in this place.
 D = Time resting spent in this place.
 E = Time spent auto-exploring this place.
 F = Levels seen in this place.
 G = Mean time per level.
                   A        B        C        D        E       F      G
               +--------+--------+--------+--------+--------+-----+--------+
         Total |   4233 |   4138 |     95 |      0 |   3570 |   5 |  846.6 |
       Dungeon |   4233 |   4138 |     95 |      0 |   3570 |   5 |  846.6 |
               +--------+--------+--------+--------+--------+-----+--------+

Top non-repeatable levels by time:
     D:1: 1251 daAuts
     D:4: 1181 daAuts
     D:2: 1094 daAuts
     D:3: 678 daAuts
     D:5: 27 daAuts
